Map: 2000 Atmospheres LE

Players

DPGRogue (Rogue)

  • Race: Zerg Zerg

Solar - Winner!

  • Race: Zerg Zerg
  • League: Master

Event: TSL 8

VOD

Have the link to the VOD?

Description

Time

  • Played on: Dec. 10, 2021, 8:01 a.m.
  • Length: 3:55

All games in this series

Show
View Real Time Build Order
Export as new Build Order

DPGRogue Zerg 

Build Orders: Hatch First 

Get SALT Encoding   

  12  0:00  Drone  
  13  0:12  Overlord  
  13  0:16  Drone  
  14  0:30  Drone x2  
  16  0:47  Hatchery  
  15  0:50  Drone  
  15  0:53  Drone  
  17  0:57  Drone  
  18  1:08  Extractor  
  17  1:12  Spawning Pool  
  17  1:15  Drone  
  17  1:18  Drone  
  18  1:27  Drone  
  19  1:39  Drone  
  20  1:49  Drone  
  21  1:59  Queen x2  
  21  2:00  Zergling x4  
  27  2:05  Spine Crawler  
  26  2:09  Baneling Nest  
  26  2:12  Zergling x2  
  26  2:14  Zergling x2  
  27  2:20  Zergling x2  
  24  2:32  Zergling x2  
  23  2:40  Zergling x2  
  22  2:44  Zergling x2  
  22  2:53  Baneling  
  22  2:57  Zergling x2  
  23  3:04  Baneling  
  23  3:08  Zergling x2  
  17  3:25  Zergling x2  
  13  3:34  Zergling x2  
Show
View Real Time Build Order
Export as new Build Order

Solar Zerg - Winner!

Build Orders: 1 Base Baneling Bust, Pool Only 

Get SALT Encoding   

  12  0:17  Spawning Pool  
  11  0:22  Drone  
  11  0:25  Drone  
  11  0:28  Extractor  
  12  0:32  Drone  
  13  0:41  Overlord  
  13  1:03  Zergling x4  
  15  1:05  Zergling x2  
  16  1:11  Baneling Nest  
  16  1:15  Zergling x2  
  16  1:27  Zergling x2  
  17  1:37  Zergling x2  
  18  1:48  Zergling x2  
  19  1:56  Baneling x2  
  19  1:59  Zergling x2  
  20  2:03  Spine Crawler  
  20  2:05  Spine Crawler  
  18  2:09  Zergling x2  
  18  2:12  Baneling  
  19  2:23  Zergling x2  
  19  2:27  Baneling  
  19  2:31  Zergling x2  
  20  2:43  Zergling x2  
  18  2:55  Baneling  
  18  2:56  Zergling x2  
  19  3:07  Zergling x2  
  18  3:19  Zergling x2  
  16  3:26  Zergling x2  
  16  3:27  Baneling  
  18  3:36  Zergling x2  
Tags
 
Add a new tag
Caveats
  • Supply blocks, unpowered buildings, or Contaminate may cause inaccurate times.
  • Supply counts are checked every 10 seconds.